 Dungeon Crawl Stone Soup version 0.31.0-12-g77e489cdc1 (webtiles) character file.

Game seed: 17308918896062466501

447 Lutefisk the Trooper (level 7, -2/56 HPs)
             Began as a Human Hexslinger on Feb 24, 2024.
             Slain by a gnoll sergeant
             ... wielding a +0 trident
              (13 damage)
             ... on level 6 of the Dungeon.
             The game lasted 00:17:37 (1829 turns).

Lutefisk the Trooper (Human Hexslinger)             Turns: 1829, Time: 00:17:37

Health: -2/56      AC:  3    Str:  8    XL:     7   Next: 3%
Magic:  9/9        EV: 17    Int: 14    God:
Gold:   170        SH:  0    Dex: 17    Spells: 3/8 levels left

rFire   . . .        o - +0 short sword (drain)
rCold   . . .        (no shield)
rNeg    . . .        p - +0 troll leather armour {Pargi}
rPois   .            (no helmet)
rElec   .            (no cloak)
rCorr   .            (no gloves)
SInv    .            (no boots)
Will    .....        (no amulet)
Stlth   ++           d - +5 ring of evasion
HPRegen 1.09/turn    (no ring)
MPRegen 0.11/turn

%: no passive effects
@: no status effects
A: explore regen
a: no special abilities


You were on level 6 of the Dungeon.
You visited 1 branch of the dungeon, and saw 6 of its levels.
You also visited: Sewer.

You collected 170 gold pieces.

Inventory:

Hand Weapons
 a - a +1 sling
 l - a +2 antimagic war axe
 o - a +0 short sword of draining (weapon)
Missiles
 n - 3 boomerangs (quivered)
Armour
 p - a +0 troll leather armour (worn) {Pargi}
Jewellery
 d - a +5 ring of evasion (left hand)
Scrolls
 b - 2 scrolls of teleportation
 f - a scroll of amnesia {unknown}
 g - a scroll of brand weapon {unknown}
 h - a scroll of blinking {unknown}
 k - a scroll of fog {unknown}
 m - a scroll of enchant armour {unknown}
 q - a scroll of acquirement {unknown}
 r - 2 scrolls of vulnerability
 u - a scroll of noise {unknown}
Potions
 c - a potion of brilliance {unknown}
 e - a potion of attraction {unknown}
 i - a potion of haste {unknown}
 j - 2 potions of mutation {unknown}
 s - 2 potions of curing
 t - a potion of lignification {unknown}


   Skills:
 - Level 5.0 Fighting
 - Level 0.1 Staves
 - Level 2.0 Ranged Weapons
 - Level 1.0 Throwing
 - Level 2.0 Armour
 * Level 2.7 Dodging
 - Level 3.0 Stealth
 * Level 1.4 Spellcasting
 * Level 3.4 Hexes
 - Level 0.1 Summonings
 - Level 1.0 Fire Magic


You had 3 spell levels left.
You knew the following spells:

 Your Spells              Type           Power      Damage    Failure   Level
a - Jinxbite              Hex            20%        N/A       13%         2
b - Sigil of Binding      Hex            10%        N/A       26%         3

Your spell library contained the following spells:

 Spells                   Type           Power      Damage    Failure   Level
 Sting                    Conj/Alch      4%         1d3       34%         1
 Inner Flame              Hex/Fire       7%         N/A       41%         3
 Blink                    Tloc           2%         N/A       47%         2
 Lesser Beckoning         Tloc           2%         N/A       47%         2
 Mercury Vapours          Alch/Air       2%         N/A       47%         2
 Momentum Strike          Conj/Tloc      2%         3d8       47%         2
 Cause Fear               Hex            5%         N/A       65%         4
 Dimensional Bullseye     Hex/Tloc       2%         N/A       87%         4
 Olgreb's Toxic Radiance  Alch           1%         N/A       98%         4


Dungeon Overview and Level Annotations

Branches:
Dungeon (6/15)              Sewer (visited)
 Temple: D:4-7

Altars:
Dithmenos
Elyvilon
Kikubaaqudgha
Makhleb
Nemelex Xobeh
Ru
Uskayaw

Annotations:
D:3 Sigmund


Innate Abilities, Weirdness & Mutations

You regain HP and MP as you explore.


Message History

A gnoll comes into view. It is wielding a +0 flail.
The gnoll attacks as it pursues you! The gnoll misses you.
The gnoll hits you with a +0 halberd! The gnoll completely misses you.
A gnoll comes into view. It is wielding a +0 spear.
The gnoll sergeant attacks as it pursues you!
The gnoll sergeant splashes around in the water.
The gnoll attacks as it pursues you! The gnoll completely misses you.
The gnoll hits you with a +0 flail! The gnoll closely misses you.
The gnoll attacks as it pursues you! The gnoll barely misses you.
The gnoll hits you with a +0 club.
You closely miss the gnoll. The gnoll barely misses you.
The gnoll completely misses you.
You closely miss the gnoll. The gnoll sergeant barely misses you.
The gnoll barely misses you. The gnoll completely misses you.
You hit the gnoll but do no damage. The gnoll sergeant barely misses you.
The gnoll misses you. x2
You closely miss the gnoll. The gnoll barely misses you.
The gnoll sergeant misses you. The gnoll misses you.
You barely miss the gnoll. The gnoll hits you but does no damage.
The gnoll sergeant hits you from afar with a +0 trident!
The gnoll misses you. The gnoll hits you with a +0 club.
You hit the gnoll but do no damage. You drain the gnoll.
The gnoll is lightly wounded.
The gnoll closely misses you.
The gnoll sergeant hits you from afar with a +0 trident!
* * * LOW HITPOINT WARNING * * *
The gnoll hits you with a +0 flail!
* * * LOW HITPOINT WARNING * * *
The gnoll misses you.
You feel better.
The gnoll hits you from afar with a +0 spear.
* * * LOW HITPOINT WARNING * * *
The gnoll sergeant barely misses you. The gnoll misses you. x2
You hit the gnoll.
The gnoll is heavily wounded.
The gnoll misses you.
The gnoll sergeant hits you from afar with a +0 trident!
You die...

... #...~~~~~...#..#
##...≈≈≈≈g.##..#
##.~~~~~~.##.##
#.....~...#.# .
#.g...~...#g# .#
##.⌠....~_.#.###..# ##.
#.gg.##....#.....#
.....#..g########...<.##
........g@g))..........#
.......########.........
....... #.........
....... #.g......#
....... ......####
....... #.#...## #......
.##..g. ####### ##
...... ......


You could see a gnoll sergeant and 5 gnolls.

Vanquished Creatures
  Pargi (Sewer)
  2 brain worms (Sewer)
  A bombardier beetle (D:6)
  Jessica (D:3)
  An iguana (D:6)
  5 adders
  3 gnolls
  4 dart slugs (D:1)
  An orc (D:5)
  3 bats
  4 endoplasms
  3 giant cockroaches
  A goblin (D:3)
  2 hobgoblins
  3 jackals (D:4)
  5 quokkas
  7 ball pythons
  6 frilled lizards
  13 kobolds
  6 rats
72 creatures vanquished.

Notes
Turn   | Place    | Note
-------+----------+-------------------------------------------
     0 | D:1      | Lutefisk the Human Hexslinger began the quest for the Orb.
     0 | D:1      | Reached XP level 1. HP: 15/15 MP: 2/2
    94 | D:1      | Reached skill level 1 in Stealth
   211 | D:1      | Reached XP level 2. HP: 21/21 MP: 3/3
   264 | D:1      | Reached skill level 2 in Fighting
   381 | D:2      | Reached XP level 3. HP: 14/27 MP: 4/4
   472 | D:2      | Learned a level 2 spell: Jinxbite
   598 | D:2      | Reached skill level 3 in Fighting
   598 | D:2      | Reached XP level 4. HP: 18/35 MP: 1/5
   635 | D:2      | Found a faded altar of an unknown god.
   763 | D:3      | Found a hide-covered altar of Uskayaw.
   960 | D:4      | Found a glowing drain.
   964 | Sewer    | Entered a sewer
   980 | Sewer    | Noticed Pargi
  1015 | Sewer    | Killed Pargi
  1016 | Sewer    | Reached skill level 4 in Fighting
  1016 | Sewer    | Reached skill level 1 in Throwing
  1016 | Sewer    | Reached skill level 1 in Armour
  1016 | Sewer    | Reached XP level 5. HP: 30/42 MP: 6/6
  1074 | Sewer    | Reached skill level 5 in Fighting
  1074 | Sewer    | Reached XP level 6. HP: 46/51 MP: 5/7
  1318 | D:3      | Learned a level 3 spell: Sigil of Binding
  1388 | D:3      | Noticed Jessica
  1396 | D:3      | Killed Jessica
  1462 | D:3      | Noticed Sigmund
  1596 | D:4      | Found a white marble altar of Elyvilon.
  1604 | D:4      | Found a sacrificial altar of Ru.
  1606 | D:4      | Found a burning altar of Makhleb.
  1607 | D:4      | Found a sparkling altar of Nemelex Xobeh.
  1619 | D:4      | Found a shadowy altar of Dithmenos.
  1675 | D:5      | Entered Level 5 of the Dungeon
  1680 | D:5      | Noticed a yak
  1749 | D:6      | Found an ancient bone altar of Kikubaaqudgha.
  1781 | D:6      | Reached XP level 7. HP: 56/56 MP: 9/9
  1829 | D:6      | Slain by a gnoll sergeant

Illustrated notes

Levels and vault maps discovered:
D:1:      shiori_shiawase, layout_rooms
D:2:      layout_loops_ring, basic_ecumenical_altar
D:3:      layout_loops_corners, eat_drink_and_be_merry_uskayaw, serial_shops,
          nicolae_shop_temple_entry_statues_fountains, minmay_misc_feat_x,
          fountainhead, uniq_natasha, uniq_sigmund, uniq_jessica
D:4:      layout_loops_ring, nicolae_overflow_hallway_of_the_gods, tgw_trog,
          gup_sewer_entry_bowl
D:5:      layout_basic
D:6:      layout_cave_pods, kiku_gazebo_pond_becter, kennysheep_generic_room_13

Skill      XL: |  1  2  3  4  5  6 |
---------------+-------------------+-----
Stealth        | 1 2 3 |  3.0
Fighting       | 2 3 4 5 |  5.0
Throwing       | 1 |  1.0
Armour         | 1 2 |  2.0
Staves         | |  0.1
Ranged Weapons | |  2.0
Dodging        | |  2.7
Spellcasting   | |  1.4
Hexes          | |  3.4
Summonings     | |  0.1
Fire Magic     | |  1.0

Action                     |  1- 3 |  4- 6 |  7- 9 || total
---------------------------+-------+-------+-------++-------
  Melee: Club              |    16 |       |       ||    16
         Unarmed           |     5 |       |       ||     5
         Whip              |    74 |    45 |       ||   119
         Punch             |     1 |     4 |       ||     5
         Short sword       |       |   131 |    11 ||   142
   Fire: Sling             |    45 |    15 |       ||    60
  Throw: Boomerang         |       |     1 |       ||     1
   Cast: Jinxbite          |       |     1 |     1 ||     2
    Use: Potion            |     3 |       |     1 ||     4
         Scroll            |     3 |       |       ||     3
   Stab: Sleeping          |       |     8 |       ||     8
 Armour: Robe              |     3 |       |       ||     3
         Leather armour    |    56 |    36 |       ||    92
         Troll leather arm |       |    32 |    24 ||    56
  Dodge: Dodged            |   146 |   193 |    34 ||   373
